Description

This build is a very strong all-in cheese build. It cuts SCV production and produces Marines from 4 Proxy Barracks. The attack hits around 2:30 wit 6-8 Marines and 3 SCVs and continues to produce 4 Marines at a time.

Sending out SCVs

You send out 3 SCVs to build the initial 3 Barracks.

The SCV that builds the 1st Barracks builds the 4th Barracks afterwards.

The SCV that builds the 2nd Barracks builds a Supply Depot afterwards.

  • Send the 1st SCV immediately at game start to the proxy location
  • Send the 2nd SCV ~5 seconds after the 1st
  • Send the 3rd SCV ~10 seconds after the 2nd

Building SCVs

You only build 2 SCVs, one at the start of the game, which you can use to build your 1st Supply Depot, and one after the initial 3 Barracks are down.

.

Watch the Replay or VOD below for the exact execution

VOD

https://youtu.be/1VZC4mGnUSg?t=1h10m57s

Replay - Reynor v uThermaL: Game 5 - Dreamcatcher LE

Build Order

Get SALT Encoding   

  12  0:00  SCV  
  13  0:14  Supply Depot  (Stop SCV production after the first SCV)
  13  0:36  Barracks  
  13  0:46  Barracks  
  13  1:02  Barracks  (Build 1 SCV after the 3rd Barracks is down)
  13  1:09  SCV  (Stop SCV production after this SCV again)
  14  1:22  Marine  
  15  1:27  Barracks  (SCV that finished the 1st Barracks builds this Barracks)
  15  1:33  Marine  
  16  1:40  Marine  
  16  1:46  Supply Depot  (SCV that finished the 2nd Barracks builds this Depot at proxy location)
  17  1:50  Marine  
  18  1:54  Marine  
  18  1:59  Marine  
  20  2:08  Marine  
  20  2:12  Marine  
  20  2:15  Marine  
  23  2:18  Marine  
  24  2:26  Marine  
  24  2:30  Marine  
Spawning Tool Build Advisor. Get it on Overwolf

Analysis

  • Attack shortly after the 4th Barracks has finished

  • Build a Bunker with an SCV at the Natural.

  • For even more power you can pull additional SCVs from your base before the attack.

.

There is no follow-up to this build. You win with your first attack or you lose the game.

Go to:

Details

  • Created by: ouwageil
  • Published on: Sep 30, 2018
  • Modified on: Sep 30, 2018
  • Patch: 4.0.0
Show
View Real Time Build Order
Export as new Build Order

Comments (0)

There are no comments. Be the first!

Create an account to comment!